 Dungeon Crawl Stone Soup version 0.19-a0-559-ga3d69d0 (webtiles) character file.

21 ololoev the Firebug (level 2, 11/15 HPs)
             Began as a Deep Elf Fire Elementalist on June 8, 2016.
             Quit the game on level 3 of the Dungeon.
             The game lasted 00:01:32 (197 turns).

ololoev the Firebug (Deep Elf Fire Elementalist)     Turns: 197, Time: 00:01:32

Health: 11/15      AC:  2    Str:  5    XL:     2   Next: 62%
Magic:  3/8        EV: 13    Int: 19    God:
Gold:   25         SH:  0    Dex: 15    Spells: 1 memorised, 6 levels left

rFire  . . .     SeeInvis .     (no weapon)
rCold  . . .     Gourm    .     a - +0 robe
rNeg   . . .     Faith    .     (no shield)
rPois  .         Spirit   .     (no helmet)
rElec  .         Dismiss  .     (no cloak)
rCorr  .         Reflect  .     (no gloves)
SustAt .         Harm     .     (no boots)
MR     .....                    (no amulet)
Stlth  ++........               (no ring)
                                (no ring)

@: lethally poisoned (11 -> -3), not resistant to hostile enchantments,
unstealthy
A: no striking features
a: no special abilities

Inventory:

Armour
 a - a +0 robe (worn)
Scrolls
 e - a scroll of identify {unknown}
Potions
 d - a potion of might {unknown}
Books
 b - a book of Flames

   Spells                             Type                      Level
   a - Flame Tongue                   Conjuration/Fire             1
   b - Throw Flame                    Conjuration/Fire             2
   c - Conjure Flame                  Conjuration/Fire             3
   d - Inner Flame                    Hexes/Fire                   3
   e - Sticky Flame                   Conjuration/Fire             4
   f - Fireball                       Conjuration/Fire             5
Comestibles
 c - 2 bread rations


   Skills:
 - Level 2.4 Dodging
 - Level 2.4 Stealth
 + Level 3.3 Spellcasting
 * Level 2.3 Conjurations
 + Level 3.5 Fire Magic


You had 6 spell levels left.
You knew the following spells:

 Your Spells              Type           Power        Failure   Level  Hunger
a - Flame Tongue          Conj/Fire      ##...        6%          1    None


You were on level 3 of the Dungeon.
You were not hungry.

You visited 1 branch of the dungeon, and saw 3 of its levels.

You collected 25 gold pieces.

#........K.....
...............
#..............
.............
............
######..........
#...............
#.......@..#
#..........#
#.(....#####
#......#
#....(.####
#......<..#
#.......#.#
#.......# #
#####+#.#

Notes
Turn   | Place    | Note
--------------------------------------------------------------
     0 | D:1      | ololoev the Deep Elf Fire Elementalist began the quest for the Orb.
     0 | D:1      | Reached XP level 1. HP: 10/10 MP: 6/6
    88 | D:2      | Reached XP level 2. HP: 10/15 MP: 1/8
   197 | D:3      | Quit the game

Dungeon Overview and Level Annotations

Branches:
Dungeon (3/15)

Altars:


Message History

The dart slug is heavily wounded.
Casting: Flame Tongue
Confirm with . or Enter, or press ? or * to list all spells.
Aiming: Flame Tongue
Press: ? - help, Shift-Dir - straight line, f/p - dart slug
Aim: a dart slug (heavily wounded, clinging)
The flame tongue hits the dart slug.
You kill the dart slug!
c - 2 bread rations (gained 1)
Found 11 gold pieces.
You now have 11 gold pieces.
Your magical contamination has completely faded away.
As you open the door, it creaks loudly!
A bat comes into view.
Found 3 gold pieces.
Casting: Flame Tongue
Confirm with . or Enter, or press ? or * to list all spells.
Aiming: Flame Tongue
Press: ? - help, Shift-Dir - straight line, f - bat
Aim: a bat The flame tongue misses the bat.
The bat hits you but does no damage.
Casting: Flame Tongue
Confirm with . or Enter, or press ? or * to list all spells.
Aiming: Flame Tongue
Press: ? - help, Shift-Dir - straight line, f/p - bat
Aim: a bat The flame tongue hits the bat.
The bat is severely wounded.
The bat barely misses you. The bat closely misses you.
You closely miss the bat.
The bat is severely wounded.
The bat barely misses you.
You miss the bat.
The bat is severely wounded.
The bat hits you.
You close the door.
Casting: Flame Tongue
Confirm with . or Enter, or press ? or * to list all spells.
Aiming: Flame Tongue
Press: ? - help, Shift-Dir - straight line, f/p - bat
Aim: a bat (severely wounded)
The flame tongue misses the bat.
The bat barely misses you.
You open the door. The bat hits you but does no damage. The bat misses you.
Found 24 bolts.
There is an open door here.
The bat closely misses you. The bat misses you.
There is an open door here.
The bat hits you but does no damage.
You closely miss the bat.
The bat is moderately wounded.
The bat hits you but does no damage. The bat barely misses you.
You closely miss the bat.
The bat is moderately wounded.
The bat completely misses you. The bat misses you.
You close the door.
Casting: Flame Tongue
Confirm with . or Enter, or press ? or * to list all spells.
Aiming: Flame Tongue
Press: ? - help, Shift-Dir - straight line, f/p - bat
Aim: a bat The flame tongue hits the bat.
You kill the bat!
You now have 14 gold pieces (gained 3).
You see here a bat corpse.
You now have 25 gold pieces (gained 11).
Found a stone staircase leading down.
There is a stone staircase leading down here.
You climb downwards.
Found 20 stones and 6 poisoned needles.
There is a stone staircase leading up here.
A kobold comes into view. It is wielding a short sword.
The kobold shouts!
The kobold unwields an uncursed short sword.
The kobold wields a blowgun.
The kobold shoots a poisoned needle.
The poisoned needle hits you!
You are lethally poisoned!
You see here a poisoned needle.
Are you sure you want to abandon this character and quit the game? (Confirm with "yes".)

You could see a kobold.

Vanquished Creatures
  An adder (D:2)
  2 dart slugs
  A giant cockroach (D:2)
  2 hobgoblins
  A kobold (D:1)
  A bat (D:2)
8 creatures vanquished.

Action                   || total
-------------------------++-------
Melee: Unarmed           ||     4
 Cast: Flame Tongue      ||    18
Armor: Robe              ||     6
Dodge: Dodged            ||    12

Vault maps used:
D:1:      lemuel_arrival_funnel
D:2:      grunt_temple_overflow_open
D:3:      kennysheep_ying_yang, first_bread, grunt_gozag_breadcrumbs,
          uniq_terence
